 Dungeon Crawl Stone Soup version 0.26.0-10-g1f06aea511 (webtiles) character file.

Game seed: 13522681567476516322

58 mopl the Vexing (level 3, -6/24 HPs)
             Began as a Demonspawn Enchanter on Jan 21, 2021.
             Mangled by Crazy Yiuf
             ... wielding a +2 quarterstaff of chaos
              (11 damage)
             ... on level 2 of the Dungeon.
             The game lasted 00:01:50 (1078 turns).

mopl the Vexing (Demonspawn Enchanter)              Turns: 1078, Time: 00:01:51

Health: -6/24      AC:  3    Str:  8    XL:     3   Next: 75%
Magic:  6/6        EV: 11    Int: 16    God:
Gold:   72         SH:  4    Dex: 14    Spells: 3/6 levels left

rFire    . . .     SeeInvis .   g - +1 whip (elec)
rCold    . . .     Faith    .   i - +0 buckler
rNeg     . . .     Spirit   .   b - +0 robe
rPois    .         Reflect  .   (no helmet)
rElec    .         Harm     .   k - +0 cloak
rCorr    .         Rampage  .   (no gloves)
Will     .....                  (no boots)
Stlth    ++........             (no amulet)
HPRegen  0.08/turn              (no ring)
MPRegen  0.10/turn              (no ring)

@: hasted, very quick
A: talons 1
a: no special abilities


You were on level 2 of the Dungeon.
You visited 1 branch of the dungeon, and saw 2 of its levels.

You collected 72 gold pieces.

Inventory:

Hand Weapons
 a - a +1 dagger
 g - a +1 whip of electrocution (weapon)
Missiles
 f - 12 stones
Armour
 b - a +0 robe (worn)
 i - a +0 buckler (worn)
 k - a +0 cloak (worn)
Scrolls
 c - 2 scrolls of remove curse {unknown}
 h - 2 scrolls of identify {unknown}
 j - a scroll of magic mapping {unknown}
Potions
 d - a potion of brilliance {unknown}
 e - a potion of invisibility {unknown}
 l - 2 potions of might {unknown}
 m - a potion of resistance
 n - a potion of mutation {unknown}


   Skills:
 + Level 1.6 Short Blades
 - Level 1.7 Dodging
 + Level 3.1 Stealth
 + Level 0.8 Shields
 + Level 2.4 Spellcasting
 + Level 3.3 Hexes
 + Level 0.5 Ice Magic


You had 3 spell levels left.
You knew the following spells:

 Your Spells              Type           Power        Failure   Level
a - Corona                Hex            13%          7%          1
b - Ensorcelled Hibernat  Hex/Ice        16%          21%         2

Your spell library contained the following spells:

 Spells                   Type           Power        Failure   Level
 Confusing Touch          Hex            12%          22%         3
 Tukima's Dance           Hex            12%          22%         3
 Dazzling Flash           Conj/Hex       14%          41%         3


Dungeon Overview and Level Annotations

Branches:
Dungeon (2/15)

Altars:

Annotations:
D:2 Crazy Yiuf


Innate Abilities, Weirdness & Mutations

You have sharp toenails.


Message History

Crazy Yiuf is lightly wounded.
You block Crazy Yiuf's attack.
You barely miss Crazy Yiuf.
Crazy Yiuf is lightly wounded.
Crazy Yiuf hits you with a +2 quarterstaff of chaos!
Crazy Yiuf draws strength from your wounds!
You hit Crazy Yiuf but do no damage. Lightning courses through Crazy Yiuf!
Crazy Yiuf is severely wounded.
Crazy Yiuf hits you with a +2 quarterstaff of chaos!
* * * LOW HITPOINT WARNING * * *
You feel yourself speed up.
You closely miss Crazy Yiuf. You claw Crazy Yiuf, but do no damage.
Crazy Yiuf is severely wounded.
Crazy Yiuf closely misses you.
You hit Crazy Yiuf but do no damage.
Crazy Yiuf is heavily wounded.
You closely miss Crazy Yiuf.
Crazy Yiuf is heavily wounded.
Crazy Yiuf hits you with a +2 quarterstaff of chaos!
You die...

### .. . # # #
###♣♣♣♣♣ #
##....♣.♣♣♣ ### #
##......♣..♣#...#
#
#......♣♣♣♣@g...#
# ##.....♣♣
♣♣#..)# #
#..###♣♣ ### #
#.## #####.#
<.....#
####.########
#.........
##########


You could see Crazy Yiuf.

Vanquished Creatures
  A worker ant (D:2)
  An adder (D:2)
  3 goblins (D:1)
  2 hobgoblins (D:1)
  5 kobolds (D:1)
  7 bats (D:1)
  4 frilled lizards
  5 rats (D:1)
28 creatures vanquished.

Notes
Turn   | Place    | Note
-------+----------+-------------------------------------------
     0 | D:1      | mopl the Demonspawn Enchanter began the quest for the Orb.
     0 | D:1      | Reached XP level 1. HP: 13/13 MP: 3/3
    65 | D:1      | Reached skill level 1 in Short Blades
   194 | D:1      | Gained mutation: You have sharp toenails. [demonic
                  | ancestry]
   194 | D:1      | Reached XP level 2. HP: 12/19 MP: 0/5
   472 | D:1      | Learned a level 2 spell: Ensorcelled Hibernation
   524 | D:1      | Reached skill level 3 in Stealth
   815 | D:2      | Reached XP level 3. HP: 11/24 MP: 6/6
  1068 | D:2      | Found a runed translucent door.
  1069 | D:2      | Noticed Crazy Yiuf
  1078 | D:2      | Mangled by Crazy Yiuf

Illustrated notes

Levels and vault maps discovered:
D:1:      heliophobic_arrival_glass_houses, layout_rooms, minmay_close_crescents
D:2:      minmay_door_path, layout_loops_ring, nicolae_qazlal_eye_of_the_storm,
          uniq_terence, uniq_crazy_yiuf_cottage

Skill      XL: |  1  2 |
---------------+-------+-----
Short Blades   | 1 |  1.6
Stealth        | 3 |  3.1
Dodging        | |  1.7
Shields        | |  0.8
Spellcasting   | |  2.4
Hexes          | |  3.3
Ice Magic      | |  0.5

Action                   || total
-------------------------++-------
Melee: Dagger            ||    25
       Whip              ||    61
       Kick              ||    18
 Cast: Corona            ||     8
 Stab: Sleeping          ||     5
Armor: Robe              ||    25
Dodge: Dodged            ||    66
Block: Buckler           ||     6
